 Dungeon Crawl Stone Soup version 0.28.0 (webtiles) character file.

Game seed: 8188393435718789369

176573 browni3141 the Severer (level 17, -1/244 HPs)
             Began as a Minotaur Berserker on Feb 10, 2022.
             Was a High Priest of Trog.
             Blown up by an orb spider (21 damage)
             ... with an orb of destruction
             ... on level 4 of the Spider Nest.
             The game lasted 00:28:35 (34978 turns).

browni3141 the Severer (Minotaur Berserker)        Turns: 34978, Time: 00:28:36

Health: -1/244     AC: 24    Str: 25    XL:     17   Next: 51%
Magic:  16/16      EV: 18    Int:  4    God:    Trog [*****.]
Gold:   2411       SH:  0    Dex: 21    Spells: 16/16 levels left

rFire   . . .      SeeInvis .   a - +8 executioner's axe of Suicidal Tendencies {vorpal, rC+}
rCold   + . .      Faith    .   (shield currently unavailable)
rNeg    . . .      Spirit   .   w - +0 plate armour
rPois   +          Reflect  .   (helmet restricted)
rElec   .          Harm     .   O - +0 cloak
rCorr   .          Rampage  +   I - +0 pair of gloves
Will    +....                   V - +1 pair of boots {rampage}
Stlth   ..........              (no amulet)
HPRegen 0.50/turn               Z - +6 ring of dexterity
MPRegen 0.15/turn               Q - ring of poison resistance

@: berserking (expiring), lethally poisoned (-1 -> -14), very quick
A: horns 2, retaliatory headbutt
a: Renounce Religion, Berserk, Trog's Hand, Brothers in Arms


You were on level 4 of the Spider Nest.
You worshipped Trog.
Trog was extremely pleased with you.
You visited 3 branches of the dungeon, and saw 25 of its levels.
You also visited: Ice Cave.

You collected 2640 gold pieces.
You spent 229 gold pieces at shops.

Inventory:

Hand Weapons
 a - the +8 executioner's axe of Suicidal Tendencies (weapon) {vorpal, rC+}
   (Trog gifted it to you on level 14 of the Dungeon)

   It inflicts extra damage upon your enemies.
   rC:        It protects you from cold.
 b - a +1 hand axe of flaming
Missiles
 t - 8 curare-tipped darts (quivered)
Armour
 w - a +0 plate armour (worn)
 I - a +0 pair of gloves (worn)
 O - a +0 cloak (worn)
 V - a +1 pair of boots of rampaging (worn)
Jewellery
 k - an amulet of faith
 u - a ring of willpower
 D - a ring of fire
 P - a +4 ring of slaying
 Q - a ring of poison resistance (right hand)
 R - a ring of ice
 T - an amulet of magic regeneration
 X - a +4 ring of protection
 Z - a +6 ring of dexterity (left hand)
Wands
 y - a wand of polymorph (5)
 A - a wand of flame (35)
 H - a wand of paralysis (10)
 K - a wand of acid (8)
 M - a wand of mindburst (8)
 U - a wand of iceblast (13)
Scrolls
 c - 3 scrolls of enchant armour
 d - 11 scrolls of teleportation
 h - a scroll of brand weapon
 j - 2 scrolls of enchant weapon
 l - 2 scrolls of vulnerability
 m - 5 scrolls of fog
 n - a scroll of acquirement {unknown}
 o - 2 scrolls of holy word
 p - 3 scrolls of identify
 s - 7 scrolls of noise
 x - 5 scrolls of amnesia
 z - 2 scrolls of torment
 B - 2 scrolls of magic mapping
 G - a scroll of blinking
 J - 6 scrolls of fear {unknown}
 L - a scroll of silence {unknown}
Potions
 e - a potion of invisibility
 f - a potion of mutation
 g - 4 potions of heal wounds
 i - a potion of brilliance {unknown}
 q - 4 potions of ambrosia
 r - 4 potions of flight
 v - 5 potions of curing
 C - 4 potions of might
 E - 5 potions of lignification
 F - 6 potions of degeneration {unknown}
 N - 2 potions of cancellation {unknown}
 S - 5 potions of haste {unknown}
 W - 2 potions of attraction {unknown}
 Y - a potion of berserk rage {unknown}


   Skills:
 + Level 17.9 Fighting
 * Level 19.7 Axes
 + Level 17.8 Armour
 + Level 16.4 Dodging
 - Level 13.6 Shields


You had 16 spell levels left.
You didn't know any spells.
Your spell library was empty.

Dungeon Overview and Level Annotations

Branches:
Dungeon (15/15)            Temple (0/1) D:5            Lair (6/6) D:9
 Shoals (0/4) Lair:4       Spider (4/4) Lair:2        Slime (0/5) Lair:6
    Orc (0/2) D:9          Vaults (0/5) D:14         Depths (0/4) D:15
  IceCv (visited)

Altars:
Dithmenos
Gozag
Qazlal
Wu Jian
The Shining One

Shops:
D:5 (   D:9 (   D:11 *

Annotations:
D:4 2 transporters, AlmostDecent's ghost, amateur GrFi
D:9 3 runed translucent doors, indyram44's ghost, journeyman GnFi
Lair:6 3 runed translucent doors, exclusion: 3 doors, browni3141's ghost, journeyman MiBe


Innate Abilities, Weirdness & Mutations

You have a pair of horns on your head.
You reflexively headbutt those who attack you in melee.


Message History

You headbutt the emperor scorpion, but do no damage.
The emperor scorpion closely misses you.
The emperor scorpion completely misses you.
The orb spider spins a strand of pure energy.
The emperor scorpion stings you!
* * * LOW HITPOINT WARNING * * *
You are lethally poisoned!
The emperor scorpion poisons you! The emperor scorpion claws you.
* * * LOW HITPOINT WARNING * * *
The emperor scorpion claws you but does no damage.
You feel better.
The emperor scorpion stings you but does no damage.
The emperor scorpion claws you but does no damage.
The emperor scorpion barely misses you.
An emperor scorpion comes into view.
A red film seems to cover your vision as you go berserk!
You feel yourself moving faster!
You feel mighty! The emperor scorpion stings you.
* * * LOW HITPOINT WARNING * * *
You are poisoned.
The emperor scorpion poisons you!
The emperor scorpion claws you but does no damage.
The emperor scorpion closely misses you.
The emperor scorpion barely misses you. x2; The emperor scorpion misses you.
You are too injured to fight recklessly!
You are too injured to fight recklessly!
You slice the emperor scorpion like a ripe choko!!!
You kill the emperor scorpion!
Trog accepts your kill.
You feel very sick.
The orb spider weaves a glowing orb of energy.
An orb of destruction comes into view.
You feel very sick.
The orb of destruction moves out of view.
You see here an emperor scorpion corpse.
A torpor snail comes into view.
You feel a strong urge to attack something.
You feel very sick. The orb of destruction hits you!!
You die...

...##.))..#^......#......#
....#..^...)..#..#.........
....#.....##.........##.....
##..........##..#......#....
#..........................
#####.........#...........^
≈...####...s.^...#.......
^≈.≈.^ #....☼..........
##≈^.^. #...@#.....#....
....#..##....†..#.......
....#^..≈....^.........^
....#..^.....#.........
....^.#≈...s##.##......
............###. ......
^...w.≈##..#.# ##......
≈^....†††...## ....#.
≈^.##†.†..## ...


You could see an emperor scorpion, a torpor snail and an orb spider.

Vanquished Creatures
  Arachne (Spider:2)
  Jorgrun (D:14)
  Kirke (Spider:1)
  Donald (Spider:1)
  3 emperor scorpions
  A frost giant (IceCv)
  Louise (Spider:1)
  The ghost of Kuerar the Basher, a journeyman BaFi of Cheibriados (Lair:4)
  2 ghouls (D:14)
  A stone giant (D:15)
  4 broodmothers
  4 entropy weavers
  Josephine (Spider:1)
  Fannar (Lair:2)
  A rakshasa (D:14)
  3 vault guards (D:14)
  Harold (Lair:2)
  5 boulder beetles
  15 hydras
  2 radroaches
  3 jorogumos
  A catoblepas (Lair:6)
  4 centaur warriors
  3 two-headed ogres
  17 death yaks
  2 death knights
  A hell knight (D:15)
  5 pharaoh ants
  A goliath frog (Lair:6)
  4 skeletal warriors (D:14)
  6 steelbarb worms
  A swamp dragon (Lair:3)
  10 orb spiders
  2 deep trolls
  An orc knight (D:15)
  2 necromancers (D:15)
  22 wolf spiders
  2 deep elf pyromancers (D:12)
  10 manticores
  5 ugly things
  4 cyclopes
  9 elephants
  3 moths of wrath
  6 torpor snails
  5 black mambas
  An ice statue (IceCv)
  2 unseen horrors
  16 cane toads
  7 rime drakes
  3 freezing wraiths (D:14)
  8 demonic crawlers
  7 komodo dragons
  2 ice devils (Lair:2)
  4 merfolk (Lair:4)
  30 meliai
  2 trolls
  3 tyrant leeches (Lair:6)
  11 hornets
  Grinder (D:4)
  8 polar bears
  31 blink frogs
  25 tarantellas
  6 dream sheep (Lair:4)
  2 slime creatures
  35 jumping spiders
  20 culicivoras
  3 water elementals
  A shadow (D:11)
  6 wraiths
  Sigmund (D:2)
  A vampire (D:6)
  2 basilisks
  60 yaks
  4 wyverns
  8 humans (D:14)
  6 hogs (Spider:1)
  22 vampire mosquitoes
  2 steam dragons
  60 redbacks
  2 wargs (D:9)
  An acid dragon (D:12)
  2 swamp drakes (Lair:3)
  18 water moccasins
  2 black bears
  2 ice beasts
  3 sky beasts
  16 orc warriors
  4 ogres
  14 wolves
  3 boggarts (D:12)
  16 centaurs
  4 kobold brigands
  A phantom (D:7)
  11 bullfrogs
  A gnoll sergeant (D:6)
  9 scorpions
  2 water moccasin zombies
  A wyvern skeleton (D:7)
  A water moccasin skeleton (D:6)
  10 killer bees (D:10)
  11 wights
  4 electric eels
  A howler monkey (D:10)
  5 centaur zombies
  4 bullfrog zombies
  A gnoll shaman (D:6)
  13 jellies
  13 orc priests
  3 centaur skeletons
  4 hounds
  Terence (D:2)
  5 iguanas
  Ijyb (D:5)
  14 orc wizards
  A killer bee zombie (D:6)
  2 mummies (D:14)
  A hound skeleton (D:4)
  A howler monkey zombie (D:9)
  Robin (D:4)
  A howler monkey skeleton (D:6)
  5 adders
  8 gnolls (D:6)
  2 shadow imps
  2 worms (D:2)
  4 dart slugs
  70 orcs
  7 endoplasms
  6 giant cockroaches
  9 goblins
  9 hobgoblins
  4 quokkas
  8 ball pythons
  3 bats
  A frilled lizard (D:3)
  16 kobolds
  6 rats
949 creatures vanquished.

Vanquished Creatures (collateral kills)
  A centaur warrior (D:15)
  An efreet (D:15)
  A komodo dragon (Lair:6)
  3 blink frogs (Lair:6)
  A culicivora (Spider:2)
7 creatures vanquished.

Vanquished Creatures (others)
  A torpor snail (Spider:2)
  A wraith (Spider:1)
  A human (D:14)
  An orc warrior (D:15)
  2 orc wizards
  30 fungi
  90 plants
126 creatures vanquished.

Grand Total: 1082 creatures vanquished

Notes
Turn   | Place    | Note
-------+----------+-------------------------------------------
     0 | D:1      | browni3141 the Minotaur Berserker began the quest for the
                  | Orb.
     0 | D:1      | Reached XP level 1. HP: 19/19 MP: 0/0
   336 | D:1      | Reached XP level 2. HP: 21/27 MP: 1/1
   828 | D:1      | Found a faded altar of an unknown god.
  1202 | D:2      | Reached skill level 4 in Axes
  1210 | D:2      | Reached XP level 3. HP: 29/33 MP: 2/2
  1415 | D:2      | Reached ** piety under Trog
  1541 | D:2      | Noticed Sigmund
  1560 | D:2      | Killed Sigmund
  1561 | D:2      | Reached XP level 4. HP: 22/41 MP: 3/3
  1561 | D:2      | Reached XP level 5. HP: 26/47 MP: 4/4
  1824 | D:2      | Noticed Terence
  1832 | D:2      | Killed Terence
  2404 | D:3      | Reached skill level 5 in Fighting
  2404 | D:3      | Reached skill level 5 in Axes
  2838 | D:3      | Reached XP level 6. HP: 37/56 MP: 5/5
  3126 | D:4      | Noticed an orc warrior
  3140 | D:4      | Killed an orc warrior
  3472 | D:4      | Noticed Robin
  3474 | D:4      | Killed Robin
  3543 | D:4      | Noticed AlmostDecent's ghost (amateur GrFi)
  3544 | D:4      | Found a transporter.
  3597 | D:4      | Reached skill level 5 in Armour
  3597 | D:4      | Reached XP level 7. HP: 40/62 MP: 6/6
  3997 | D:4      | Found a transporter.
  4030 | D:4      | Noticed Grinder
  4040 | D:4      | Killed Grinder
  4041 | D:4      | Reached skill level 6 in Axes
  4041 | D:4      | Reached skill level 5 in Dodging
  4415 | D:5      | Entered Level 5 of the Dungeon
  4426 | D:5      | Reached XP level 8. HP: 64/71 MP: 7/7
  4710 | D:5      | Reached skill level 7 in Axes
  4792 | D:5      | Noticed Ijyb
  4804 | D:5      | Killed Ijyb
  4923 | D:5      | Reached *** piety under Trog
  5165 | D:5      | Found Opiss's Weapon Shop.
  5309 | D:5      | Found a staircase to the Ecumenical Temple.
  6109 | D:6      | Reached XP level 9. HP: 81/81 MP: 8/8
  6156 | D:6      | Reached skill level 8 in Axes
  6998 | D:6      | Reached **** piety under Trog
  7000 | D:6      | Reached skill level 9 in Axes
  7333 | D:7      | Found an ornate altar of the Wu Jian Council.
  7739 | D:7      | Reached XP level 10. HP: 84/91 MP: 9/9
  8735 | D:8      | Reached skill level 10 in Axes
  8805 | D:8      | Noticed a four-headed hydra
  8810 | D:8      | Reached skill level 10 in Fighting
  8814 | D:8      | Killed a one-headed hydra
  9227 | D:8      | You fall into a shaft and drop 3 floors!
  9308 | D:11     | Reached skill level 10 in Armour
  9354 | D:11     | Noticed a manticore
  9359 | D:11     | Noticed a two-headed ogre
  9808 | D:11     | Noticed a seven-headed hydra
  9816 | D:11     | Killed a one-headed hydra
  9817 | D:11     | Reached XP level 11. HP: 74/101 MP: 10/10
  9920 | D:10     | Entered Level 10 of the Dungeon
 10213 | D:10     | Reached skill level 11 in Axes
 10245 | D:9      | Reached skill level 10 in Dodging
 10246 | D:9      | Found a runed translucent gate.
 10275 | D:9      | Reached ***** piety under Trog
 10294 | D:9      | Found a staircase to the Orcish Mines.
 10634 | D:9      | Found a staircase to the Lair.
 11061 | D:9      | Found Vymisu's Antique Weapon Shop.
 11067 | D:9      | Bought a glimmering war axe for 229 gold pieces
 11067 | D:9      | Identified the +9 war axe of Niubafom {vorpal, *Slow rElec
                  | rC++ Int+4} (You bought it in a shop on level 9 of the
                  | Dungeon)
 11338 | D:9      | Found a runed translucent gate.
 11338 | D:9      | Found a runed translucent gate.
 11338 | D:9      | Found an opulent altar of Gozag.
 11344 | D:9      | Noticed a two-headed ogre
 11345 | D:9      | Noticed an ice dragon
 11346 | D:9      | Noticed indyram44's ghost (journeyman GnFi)
 11889 | D:8      | Noticed a two-headed ogre
 11894 | D:8      | Killed a two-headed ogre
 12444 | Lair:1   | Entered Level 1 of the Lair of Beasts
 12502 | Lair:1   | Found a shadowy altar of Dithmenos.
 12520 | Lair:1   | Reached skill level 12 in Axes
 12576 | Lair:1   | Received a gift from Trog
 12841 | Lair:1   | Noticed a seven-headed hydra
 12850 | Lair:1   | Killed a four-headed hydra
 12958 | Lair:1   | Reached XP level 12. HP: 110/112 MP: 11/11
 13073 | Lair:1   | Reached skill level 1 in Shields
 13587 | Lair:2   | Noticed Fannar
 13599 | Lair:2   | Killed Fannar
 13714 | Lair:2   | Found a frozen archway.
 13732 | IceCv    | Entered an ice cave
 13778 | IceCv    | Noticed a death yak
 13788 | IceCv    | Killed a death yak
 13793 | IceCv    | Reached skill level 5 in Shields
 13894 | IceCv    | Noticed a death yak
 13900 | IceCv    | Noticed a death yak
 13901 | IceCv    | Killed a death yak
 13915 | IceCv    | Reached skill level 13 in Axes
 13917 | IceCv    | Killed a death yak
 14126 | IceCv    | Noticed a death yak
 14137 | IceCv    | Killed a death yak
 14220 | IceCv    | Noticed a death yak
 14222 | IceCv    | Noticed a death yak
 14226 | IceCv    | Killed a death yak
 14232 | IceCv    | Killed a death yak
 14336 | IceCv    | Noticed a death yak
 14336 | IceCv    | Noticed a frost giant
 14348 | IceCv    | Killed a frost giant
 14349 | IceCv    | Reached XP level 13. HP: 122/122 MP: 12/12
 15285 | Lair:2   | Noticed Harold
 15292 | Lair:2   | Killed Harold
 15637 | Lair:2   | Found a hole to the Spider Nest.
 16281 | Lair:3   | Reached skill level 14 in Axes
 16294 | Lair:3   | Reached skill level 10 in Shields
 16568 | Lair:3   | Found a transporter.
 16648 | Lair:3   | Found a transporter.
 17076 | Lair:4   | Found a large runed translucent door.
 17076 | Lair:4   | Found a large runed translucent door.
 17078 | Lair:4   | Noticed Kuerar's ghost (journeyman BaFi)
 17105 | Lair:4   | Killed Kuerar's ghost
 17343 | Lair:4   | Found a staircase to the Shoals.
 17848 | Lair:4   | Reached XP level 14. HP: 132/132 MP: 13/13
 18758 | Lair:6   | Entered Level 6 of the Lair of Beasts
 18942 | Lair:6   | Found a runed translucent gate.
 18942 | Lair:6   | Found a runed translucent gate.
 18942 | Lair:6   | Found a runed translucent gate.
 18984 | Lair:6   | Reached ****** piety under Trog
 19222 | Lair:6   | Noticed browni3141's ghost (journeyman MiBe)
 19420 | Lair:6   | Received a gift from Trog
 19903 | Lair:6   | Reached skill level 15 in Axes
 20062 | Lair:6   | Found a staircase to the Slime Pits.
 20694 | D:10     | Reached skill level 15 in Fighting
 21489 | D:11     | Found Lenlaghu's Assorted Antiques.
 21712 | D:11     | Reached skill level 15 in Armour
 21715 | D:11     | Reached XP level 15. HP: 141/141 MP: 14/14
 23830 | D:14     | Identified the +8 executioner's axe of Suicidal Tendencies
                  | {vorpal, rC+} (Trog gifted it to you on level 14 of the
                  | Dungeon)
 23830 | D:14     | Received a gift from Trog
 24429 | D:14     | Found a stormy altar of Qazlal.
 24706 | D:14     | Noticed Jorgrun
 24714 | D:14     | Killed Jorgrun
 24764 | D:15     | Entered Level 15 of the Dungeon
 25833 | D:14     | Reached skill level 16 in Axes
 25896 | D:14     | Found a gate to the Vaults.
 26210 | D:15     | Found a glowing golden altar of the Shining One.
 27132 | D:15     | Received a gift from Trog
 28209 | D:15     | Found a staircase to the Depths.
 28489 | Spider:1 | Entered Level 1 of the Spider Nest
 28515 | Spider:1 | Reached XP level 16. HP: 61/151 MP: 15/15
 28520 | Spider:1 | Reached skill level 15 in Dodging
 28965 | Spider:1 | Noticed Kirke
 28970 | Spider:1 | Reached skill level 17 in Axes
 28979 | Spider:1 | Killed Kirke
 29370 | Spider:1 | Noticed Louise
 29390 | Spider:1 | Killed Louise
 29870 | Spider:1 | Noticed Josephine
 29877 | Spider:1 | Killed Josephine
 30034 | Spider:1 | Noticed Donald
 30044 | Spider:1 | Killed Donald
 30286 | Spider:1 | Received a gift from Trog
 31119 | Spider:2 | Reached skill level 18 in Axes
 32234 | Spider:2 | Received a gift from Trog
 32720 | Spider:3 | Noticed Arachne
 33109 | Spider:3 | Reached XP level 17. HP: 161/161 MP: 16/16
 33137 | Spider:2 | Killed Arachne
 33762 | Spider:3 | Reached skill level 19 in Axes
 34194 | Spider:3 | Received a gift from Trog
 34452 | Spider:4 | Entered Level 4 of the Spider Nest
 34978 | Spider:4 | Blown up by an orb spider

Illustrated notes

Levels and vault maps discovered:
D:1:      dpeg_arrival_three_same_balls, layout_basic,
          hellmonk_ecumenical_altar_blasted
D:2:      layout_basic, uniq_sigmund, uniq_terence
D:3:      layout_rooms
D:4:      layout_basic, gammafunk_ghost_smash, serial_glass, glass_columns_a,
          glass_columns_a, minmay_misc_feat_x, guppyfry_early_orc_mine,
          uniq_grinder, uniq_robin
D:5:      layout_gridville, minmay_temple_entry_gardened_gates, enter_ossuary_5,
          serial_shops, nicolae_shop_bloodbath_and_beyond, uniq_ijyb
D:6:      minmay_polygon_palace, layout_cave_pools, portal_sewer_entry_f,
          serial_park_tiny_2, kennysheep_pointless_box
D:7:      layout_gridville, nicolae_wu_jian_wuxing_cycle
D:8:      layout_loops_corners, kennysheep_generic_room_7
D:9:      layout_basic, erik_lair_orcish_takeover, hiddenorc2_lemuel,
          serial_shops, nicolae_shop_temple_entry_statues_fountains,
          ebering_ghost_gozag
D:10:     layout_cave_pods
D:11:     minmay_clustersquares, layout_basic, serial_shops, shop_fountains
D:12:     layout_rooms, serial_curves, eino_curves_03, eino_curves_02,
          hangedman_decor_points, serial_bayou_lagoon_b
D:13:     layout_irregular_city, nicolae_lava_and_water
D:14:     layout_loops_ring, ximxim_vaults_locker_room,
          nicolae_qazlal_style_of_elements, serial_undead, serial_undead_a,
          serial_undead_c, serial_undead_c, serial_undead_c, uniq_jorgrun
D:15:     hangedman_depths_entry_civil_slaughter, layout_cave_pools,
          corexii_corridor_pit, kennysheep_flooded_box,
          minmay_unpleasant_kobolds
Lair:1:   layout_hall_layers, basic_altar, lemuel_fruit_tree
Lair:2:   layout_small_grid, spider_nest_entry_webs,
          portal_ice_cave_demonic_guard, grunt_megastairs_5, uniq_harold,
          uniq_fannar
Lair:3:   gammafunk_boulding_lane, layout_chaotic_city, pond,
          infiniplex_staircase_pool
Lair:4:   layout_misc_corridors, elwin_shoals_entry_stream,
          ebering_ghost_disaster_area
Lair:5:   layout_roguey, lemuel_fruit_fields, grunt_megastairs_4
Lair:6:   minmay_lair_end_frog_pond, layout_regular_city,
          minmay_slime_entry_jelly_boxes, ebering_ghost_rock_garden,
          infiniplex_staircase_pool_2
Spider:1: layout_spider_delve, uniq_donald, uniq_josephine, uniq_kirke,
          uniq_louise
Spider:2: layout_spider_delve
Spider:3: spiders_nest_scorpion_pit, hellmonk_narrow_tunnel, uniq_arachne
Spider:4: grunt_spider_rune_island, drop_trap

Skill      XL: |  1  2  3  4  5  6  7  8  9 10 11 12 13 14 15 16 17 |
---------------+----------------------------------------------------+-----
Fighting       | 4 5 6 7 9 10 12 13 14 15 16 17 | 17.9
Axes           | 4 5 6 7 9 10 12 13 14 15 16 18 19 | 19.7
Armour         | 3 4 5 6 7 9 10 12 13 14 15 16 17 | 17.8
Dodging        | 3 4 5 6 8 9 11 12 13 14 15 16 | 16.4
Shields        | 7 10 13 | 13.6

Action                   |  1- 3 |  4- 6 |  7- 9 | 10-12 | 13-15 | 16-18 || total
-------------------------+-------+-------+-------+-------+-------+-------++-------
Melee: Hand axe          |    62 |    70 |   260 |   275 |    92 |       ||   759
       Headbutt          |     5 |    11 |    47 |   100 |   197 |   121 ||   481
       Punch             |     1 |     1 |     3 |     1 |       |       ||     6
       War axe           |       |       |       |   204 |   593 |       ||   797
       Executioner's axe |       |       |       |       |   200 |   529 ||   729
Throw: Throwing net      |       |       |       |       |     2 |     1 ||     3
Invok: Berserk           |     1 |     2 |     7 |    15 |    17 |    14 ||    56
       Trog's Hand       |       |       |     1 |       |       |       ||     1
       Brothers in Arms  |       |       |       |       |     1 |     1 ||     2
Evoke: Wand              |       |       |       |     2 |     3 |       ||     5
  Use: Scroll            |       |       |       |     8 |    16 |       ||    24
       Potion            |       |       |       |       |     7 |     2 ||     9
 Stab: Petrifying        |       |       |       |       |     2 |       ||     2
       Petrified         |       |       |       |       |     1 |       ||     1
       Invisible         |       |       |       |       |     5 |     2 ||     7
Armor: Animal skin       |     8 |       |       |       |       |       ||     8
       Scale mail        |     8 |    15 |     2 |       |       |       ||    25
       Plate armour      |       |       |   153 |   208 |   449 |   353 ||  1163
       Chain mail        |       |       |     4 |       |       |       ||     4
       Skin              |       |       |     2 |       |       |       ||     2
Dodge: Dodged            |    34 |    30 |   103 |   186 |   509 |   563 ||  1425
Block: Other             |       |     4 |    49 |    68 |       |       ||   121
       Reflection        |       |       |     3 |     4 |     9 |       ||    16
       Buckler           |       |       |       |    66 |   363 |       ||   429
